 Dungeon Crawl Stone Soup version 0.27-a0-287-gd4424db430 (webtiles) character file.

Game seed: 12037588305622560182

12 Lanoc the Chopper (level 2, 0/19 HPs)
             Began as an Octopode Gladiator on Feb 9, 2021.
             Slain by a jackal (3 damage)
             ... on level 1 of the Dungeon.
             The game lasted 00:00:26 (151 turns).

Lanoc the Chopper (Octopode Gladiator)               Turns: 151, Time: 00:00:26

Health: 0/19       AC:  1    Str: 13    XL:     2   Next: 33%
Magic:  2/2        EV: 14    Int: 10    God:
Gold:   8          SH:  0    Dex: 13    Spells: 1/1 levels left

rFire    . . .     SeeInvis .   a - +0 war axe
rCold    . . .     Faith    .   (no shield)
rNeg     . . .     Spirit   .   b - +0 hat
rPois    .         Reflect  .   (no amulet)
rElec    .         Harm     .   (no ring)
rCorr    .         Rampage  .   (no ring)
Will     .....                  (no ring)
Stlth    ++........             (no ring)
HPRegen  0.06/turn              (no ring)
MPRegen  0.08/turn              (no ring)
                                (no ring)
                                (no ring)

@: no status effects
A: almost no armour, stealthy swim, amphibious, 8 rings, constrict 8, camouflage
1, gelatinous body 1
a: no special abilities


You were on level 1 of the Dungeon.
You visited 1 branch of the dungeon, and saw 1 of its levels.

You collected 8 gold pieces.

Inventory:

Hand Weapons
 a - a +0 war axe (weapon)
Missiles
 c - 3 throwing nets (quivered)
Armour
 b - a +0 hat (worn)
Jewellery
 e - an uncursed ring of magical power {unknown}
Scrolls
 d - 2 scrolls of identify {unknown}
 f - a scroll of remove curse {unknown}


   Skills:
 + Level 2.2 Fighting
 * Level 3.4 Axes
 - Level 2.0 Throwing
 + Level 3.1 Dodging


You had one spell level left.
You didn't know any spells.
Your spell library was empty.

Dungeon Overview and Level Annotations

Branches:
Dungeon (1/15)

Altars:


Innate Abilities, Weirdness & Mutations

You cannot wear most types of armour.
You are very stealthy in the water. (Stealth+)
You are amphibious.
You can wear up to eight rings at the same time.
You can use your tentacles to constrict eight enemies at once.
Your skin changes colour to match your surroundings (Stealth+).
Your rubbery body absorbs attacks. (AC +1, EV +1)


Message History

You kill the jackal!
You hit the jackal.
You kill the jackal!
You barely miss the jackal. x2; You hit the hobgoblin.
You kill the hobgoblin!
The jackal bites you. The jackal barely misses you. The jackal bites you.
* * * LOW HITPOINT WARNING * * *
The jackal barely misses you.
You closely miss the jackal. Your grab misses the jackal. You hit the rat.
You kill the rat!
You closely miss the jackal. The jackal barely misses you.
The jackal bites you.
* * * LOW HITPOINT WARNING * * *
The jackal closely misses you.
The jackal bites you but does no damage.
You barely miss the jackal. Your grab misses the jackal.
You squeeze the jackal.
The jackal is heavily wounded.
You closely miss the jackal. The jackal bites you.
You die...

#...).... #........ ###
######## #........
##.###......# #........
.#..........# #........
.#.##.......## #........
.#.###.......###h)......
.#.# #.........#@.....?.
...#####..####..h†.$....
##.#......# ##.........
#........## ##........
#.........# #.#.....#
#.......).# #.#####.#
#.........## #.. #
#..........## ##.
#............ g.


You could see 2 jackals.

Vanquished Creatures
  A goblin (D:1)
  2 hobgoblins (D:1)
  2 jackals (D:1)
  2 bats (D:1)
  A frilled lizard (D:1)
  A kobold (D:1)
  4 rats (D:1)
13 creatures vanquished.

Notes
Turn   | Place    | Note
-------+----------+-------------------------------------------
     0 | D:1      | Lanoc the Octopode Gladiator began the quest for the Orb.
     0 | D:1      | Reached XP level 1. HP: 14/14 MP: 1/1
   146 | D:1      | Reached XP level 2. HP: 14/19 MP: 2/2
   151 | D:1      | Slain by a jackal

Illustrated notes

Levels and vault maps discovered:
D:1:      dpeg_arrival_round_a, layout_rooms

Action                   || total
-------------------------++-------
Melee: War axe           ||    15
       Constrict         ||     1
       Tentacles         ||     2
 Stab: Sleeping          ||     4
Armor: Skin              ||     6
Dodge: Dodged            ||    21

Table legend: (Time is in decaauts)
 A = Elapsed time spent in this place.
 B = Non-inter-level travel time spent in this place.
 C = Inter-level travel time spent in this place.
 D = Time resting spent in this place.
 E = Time spent auto-exploring this place.
 F = Levels seen in this place.
 G = Mean time per level.
                   A        B        C        D        E       F      G
               +--------+--------+--------+--------+--------+-----+--------+
         Total |    155 |    155 |      0 |      0 |    106 |   1 |  155.0 |
       Dungeon |    155 |    155 |      0 |      0 |    106 |   1 |  155.0 |
               +--------+--------+--------+--------+--------+-----+--------+

Top non-repeatable levels by time:
     D:1: 155 daAuts
